 Dungeon Crawl Stone Soup version 0.23.2 (webtiles) character file.

Game seed: 2210474351142967473

589 Fang the Skirmisher (level 7, -1/44 HPs)
             Began as a Gargoyle Berserker on Apr 1, 2019.
             Was a Believer of Trog.
             Killed from afar by a white imp (2 damage)
             ... with a puff of frost
             ... summoned by Eustachio
             ... on level 5 of the Dungeon.
             The game lasted 00:04:04 (4469 turns).

Fang the Skirmisher (Gargoyle Berserker)            Turns: 4469, Time: 00:04:05

Health: -1/44      AC: 14    Str: 22      XL:     7   Next: 38%
Magic:  7/7        EV:  9    Int:  8      God:    Trog [**....]
Gold:   187        SH:  0    Dex:  8 (9)  Spells: 6/6 levels left

rFire    . . .     SeeInvis .   a - +0 hand axe
rCold    + . .     Gourm    .   (no shield)
rNeg     + . .     Faith    .   r - +0 chain mail
rPois    ∞         Spirit   .   (no helmet)
rElec    +         Reflect  .   (no cloak)
rCorr    .         Harm     .   (no gloves)
MR       .....                  (no boots)
Stlth    ..........             (no amulet)
HPRegen  0.14/turn              j - ring of protection from cold
MPRegen  0.10/turn              u - ring of attention (curse)

@: no status effects
A: negative energy resistance 1, electricity resistance, unbreathing,
petrification resistance, rot immunity, AC +4
a: Berserk, Trog's Hand, Renounce Religion


You were on level 5 of the Dungeon.
You worshipped Trog.
Trog was pleased with you.
You were not hungry.

You visited 1 branch of the dungeon, and saw 5 of its levels.

You collected 187 gold pieces.

Inventory:

Hand Weapons
 a - a +0 hand axe (weapon)
Armour
 r - a +0 chain mail (worn)
Jewellery
 e - an uncursed ring of positive energy
 j - a ring of protection from cold (left hand)
 u - a cursed ring of attention (right hand)
Wands
 m - a wand of iceblast (19)
 p - a wand of paralysis (13)
Scrolls
 g - a scroll of enchant weapon {unknown}
 h - 6 scrolls of identify {unknown}
 i - a scroll of enchant armour {unknown}
 n - 3 scrolls of remove curse {unknown}
 o - a scroll of immolation {unknown}
 q - a scroll of teleportation {unknown}
 s - a scroll of fear {unknown}
 t - 2 scrolls of random uselessness {unknown}
Potions
 b - 2 potions of haste {unknown}
 d - 3 potions of heal wounds {unknown}
 f - a potion of magic {unknown}
 k - a potion of might {unknown}
 l - a potion of cancellation {unknown}
 v - a potion of curing {unknown}
Comestibles
 c - 6 rations
 w - 2 chunks of flesh


   Skills:
 + Level 5.2 Fighting
 + Level 4.4 Axes
 + Level 4.7 Armour
 + Level 3.5 Dodging


You had 6 spell levels left.
You didn't know any spells.
Your spell library was empty.

Dungeon Overview and Level Annotations

Branches:
Dungeon (5/15)
 Temple: D:4-7

Altars:
Makhleb
Sif Muna
Vehumet
Xom
Zin
The Shining One

Shops:
D:4 *

Annotations:
D:5 Eustachio


Innate Abilities, Weirdness & Mutations

You are resistant to torment.
Your stone body is resilient. (AC +4)
You are immune to poison.
You resist negative energy. (rN+)
You are resistant to electric shocks. (rElec)
You can survive without breathing.
You are immune to petrification.
You are immune to rotting.


Message History

The quasit claws you but does no damage.
The quasit closely misses you. The white imp gestures at you.
The puff of frost hits you. You resist.
* * * LOW HITPOINT WARNING * * *
You closely miss the white imp.
The white imp is heavily wounded.
You hit the quasit.
The quasit bites you but does no damage.
The quasit barely misses you. x2; The white imp barely misses you.
You hit Eustachio.
Eustachio is severely wounded.
You completely miss the quasit. You barely miss the white imp.
The quasit bites you.
* * * LOW HITPOINT WARNING * * *
The quasit claws you but does no damage. x2
Eustachio closely misses you. The white imp gestures at you.
The puff of frost hits you. You resist.
You die...

##...........
###+###............ #
#.8.8.#............
#.#.._..#..#...>.....
.##... #............
..##.###.##).......
#.....##)##........ .
##.#....##........
#..##5@##.............
#...5@.....##........
.....##......####.......
...# #.....## #...<.. ##
.....#.#.... #..###
#..........###
....##..##.# .... ..##
.. .##...# ##.


You could see Eustachio, a quasit and a white imp.

Vanquished Creatures
  Duvessa (D:5)
  An ogre (D:3)
  Dowan (D:5)
  3 hounds (D:4)
  2 orc wizards (D:4)
  An orc priest (D:5)
  An iguana (D:4)
  A worker ant (D:4)
  A hound skeleton (D:4)
  3 adders
  An ooze (D:4)
  2 worms
  A dart slug (D:1)
  2 leopard geckos
  10 orcs
  4 giant cockroaches
  5 goblins
  5 hobgoblins
  10 kobolds
  2 quokkas
  7 bats
  3 frilled lizards
  3 rats
70 creatures vanquished.

Notes
Turn   | Place    | Note
-------+----------+-------------------------------------------
     0 | D:1      | Fang the Gargoyle Berserker began the quest for the Orb.
     0 | D:1      | Reached XP level 1. HP: 14/14 MP: 1/1
   910 | D:1      | Reached XP level 2. HP: 17/19 MP: 2/2
  1504 | D:2      | Reached XP level 3. HP: 23/23 MP: 3/3
  1829 | D:2      | Found a radiant altar of Vehumet.
  1910 | D:2      | Found a glowing golden altar of the Shining One.
  1910 | D:2      | Found a burning altar of Makhleb.
  2055 | D:3      | Reached ** piety under Trog
  2070 | D:3      | Noticed an ogre
  2081 | D:3      | Killed an ogre
  2081 | D:3      | Reached skill level 4 in Fighting
  2081 | D:3      | Reached XP level 4. HP: 17/29 MP: 4/4
  2081 | D:3      | Reached XP level 5. HP: 19/33 MP: 5/5
  2879 | D:4      | Noticed an angel
  2880 | D:4      | Found a glowing silver altar of Zin.
  2890 | D:4      | Found a shimmering altar of Xom.
  3079 | D:4      | Reached XP level 6. HP: 38/39 MP: 6/6
  3386 | D:4      | Noticed a phantom
  3609 | D:4      | Found Geinuplo's General Store.
  3868 | D:5      | Entered Level 5 of the Dungeon
  3882 | D:5      | Noticed Duvessa
  3884 | D:5      | Noticed Dowan
  3904 | D:5      | Killed Duvessa
  3904 | D:5      | Reached skill level 5 in Fighting
  3904 | D:5      | Reached XP level 7. HP: 27/44 MP: 7/7
  3910 | D:5      | HP: 2/44 [Dowan/+0 dagger (1)]
  4221 | D:5      | Killed Dowan
  4400 | D:5      | Noticed Eustachio
  4413 | D:5      | Found a deep blue altar of Sif Muna.
  4469 | D:5      | HP: 1/44 [quasit[Eustachio] (2)]
  4469 | D:5      | Killed from afar by a white imp

Skill      XL: |  1  2  3  4  5  6 |
---------------+-------------------+-----
Axes           | 3 4 |  4.4
Dodging        | 2 3 |  3.5
Fighting       | 4 5 |  5.2
Armour         | 3 4 |  4.7

Action                   |  1- 3 |  4- 6 |  7- 9 || total
-------------------------+-------+-------+-------++-------
Melee: Hand axe          |   138 |   198 |    76 ||   412
Invok: Berserk           |     1 |     1 |     2 ||     4
  Eat: Chunk             |     4 |     6 |     2 ||    12
       Ration            |       |       |     1 ||     1
Armor: Scale mail        |    91 |     7 |       ||    98
       Animal skin       |     7 |       |       ||     7
       Chain mail        |       |   113 |    77 ||   190
Dodge: Dodged            |   106 |    93 |    72 ||   271
